 Dungeon Crawl Stone Soup version 0.18.1-1-g2f07953 (webtiles) character file.

224857 EveningNews the Bludgeoner (level 19, -2/128 HPs)
             Began as a Gargoyle Berserker on May 9, 2016.
             Was the Champion of Trog.
             Slain by a slime creature (6 damage)
             ... on level 4 of the Pits of Slime.
             The game lasted 03:15:01 (42545 turns).

EveningNews the Bludgeoner (Gargoyle Berserker)    Turns: 42545, Time: 03:15:02

Health: -2/128     AC: 37    Str: 20    XL:     19   Next: 31%
Magic:  18/18      EV: 13    Int: 13    God:    Trog [******]
Gold:   3187       SH:  0    Dex: 14    Spells: 0 memorised, 18 levels left

rFire  . . .     SeeInvis .     a - +7 dire flail (elec)
rCold  . . .     Gourm    +     J - +7 plate armour "Korozxoa" {rCorr Int+4}
rNeg   + . .     Faith    .     (shield currently unavailable)
rPois  ∞         Spirit   .     x - +2 hat
rElec  +         Dismiss  .     I - +2 cloak {MR+}
rCorr  +         Reflect  .     j - +2 pair of gloves
SustAt .         Harm     .     X - +1 pair of boots {Fly}
MR     +++..                    M - amulet of the gourmand
Stlth  ..........               g - ring of protection from magic
                                R - +1 ring of evasion

@: exhausted, corroded, flying, slowed, very slow, extremely resistant to
hostile enchantments, extremely unstealthy
A: big wings, rough black scales 1, thin metallic scales 1, deformed body, low
mp 1, negative energy resistance 1, electricity resistance, weak 1, unbreathing,
petrification resistance, rot immunity, AC +13
a: Stop Flying, Berserk, Trog's Hand, Brothers in Arms, Burn Spellbooks,
Renounce Religion
}: 1/15 runes: decaying


You were on level 4 of the Pits of Slime.
You worshipped Trog.
Trog was exalted by your worship.
You were very hungry.

You visited 6 branches of the dungeon, and saw 37 of its levels.
You also visited: Bailey and Ice Cave.

You collected 4423 gold pieces.
You spent 1236 gold pieces at shops.

Inventory:

Hand Weapons
 a - a +7 dire flail of electrocution (weapon)
 b - the +7 shortbow "Utsour" {venom, rC+ Int+2}
   (Trog gifted it to you on level 6 of the Lair of Beasts)

   It poisons the ammo it fires.
   It affects your intelligence (+2).
   It protects you from cold.
 p - a +5 shortbow of flaming
 Y - a +3 antimagic great mace
Missiles
 n - 453 bolts
 o - 979 arrows
Armour
 d - a +0 troll leather armour {Snorg}
 j - a +2 pair of gloves (worn)
 x - a +2 hat (worn)
 A - a +3 leather armour of magic resistance
 I - a +2 cloak of magic resistance (worn)
 J - the +7 plate armour "Korozxoa" (worn) {rCorr Int+4}
   (You bought it in a shop on level 13 of the Dungeon)

   It affects your intelligence (+4).
   It protects you from acid and corrosion.
 K - a +4 ring mail of fire resistance
 L - the +8 scale mail of Bohotiry {rPois}
   (You found it on level 9 of the Dungeon)

   It protects you from poison.
 S - the +8 chain mail of the Eternal Fruit {rC+}
   (You bought it in a shop on level 13 of the Dungeon)

   It protects you from cold.
 X - a +1 pair of boots of flying (worn)
Jewellery
 g - a ring of protection from magic (right hand)
 s - an uncursed ring of ice
 M - an amulet of the gourmand (around neck)
 R - a +1 ring of evasion (left hand)
Wands
 e - a wand of hasting (2/9)
 r - a wand of teleportation (3/9)
 v - a wand of paralysis (11/24)
 w - a wand of paralysis (17/24)
 z - a wand of disintegration (17/24)
 W - a wand of slowing (35/48)
Scrolls
 i - 16 scrolls of identify
 m - 10 scrolls of recharging
 t - 4 scrolls of magic mapping
 y - 5 scrolls of fog
 E - 5 scrolls of teleportation
 G - 18 scrolls of remove curse
 P - 2 scrolls of fear
 Q - 2 scrolls of blinking
 T - 7 scrolls of enchant armour
Potions
 c - 2 potions of cancellation
 h - 4 potions of curing
 k - a potion of ambrosia
 l - 6 potions of agility
 q - a potion of magic
 u - a potion of cure mutation
 D - a potion of brilliance
 V - 2 potions of invisibility
Miscellaneous
 N - a sack of spiders {used: 1}
Comestibles
 f - 21 meat rations
 B - 6 bread rations
 F - 19 fruits


   Skills:
 - Level 17.0 Fighting
 - Level 18.9 Maces & Flails
 - Level 12.4 Bows
 + Level 14.0 Armour
 - Level 12.9 Dodging
 - Level 2.1 Evocations


You had 18 spell levels left.
You didn't know any spells.

Dungeon Overview and Level Annotations

Branches:
Dungeon (15/15)            Temple (0/1) D:4            Lair (8/8) D:10
  Swamp (4/4) Lair:3        Snake (3/4) Lair:5        Slime (5/6) Lair:6
    Orc (2/2) D:12            Elf (0/3) Orc:2        Vaults (0/5) D:14
 Depths (0/5) D:15

Altars:
Cheibriados
Dithmenos
Elyvilon
Fedhas
Makhleb
Nemelex Xobeh
Okawaru
Pakellas
Ru
Trog
Vehumet
Xom
Zin
The Shining One
Beogh
Jiyva

Shops:
D:4 *   D:5 }   D:6 *   D:13 [   Orc:2 [[![?

Annotations:
Lair:4 exclusion: oklob plant


Innate Abilities, Weirdness & Mutations

You are resistant to torment.
Your stone body is resilient (AC +13).
You are immune to poison.
Your large and strong wings let you fly indefinitely.
You resist negative energy.
You are resistant to electric shocks.
You can survive without breathing.
You are immune to petrification.
You are immune to rotting.
You are partially covered in rough black scales (AC +4, Dex -1).
You are partially covered in thin metallic scales (AC +2).
Armour fits poorly on your strangely shaped body.
Your magical capacity is low (-10% MP).
You are weak. (Str -2)


Message History

The slime creature hits you but does no damage.
You sock the very large slime creature!
The very large slime creature is severely wounded.
The slime creature hits you!
* * * LOW HITPOINT WARNING * * *
The slime creature closely misses you.
You completely miss the very large slime creature.
The very large slime creature is severely wounded.
You impale the very large slime creature!!
The very large slime creature is severely wounded.
You are no longer berserk.
You are exhausted.
You feel yourself slow down.
You are feeling very hungry.
The very large slime creature hits you!
* * * LOW HITPOINT WARNING * * *
The slime creature hits you.
* * * LOW HITPOINT WARNING * * *
The slime creature hits you.
You die...

......# ### ####### ##..(#
...#.## ##.###.##..####...#
...#..# #...#.......##....#
.......# #..##.##....#...#
.#....#####......#.......## ##
..##.####.#.....#.........###.##
(..#####.....#.............#...#
(.....##....#..JJJ.............#
...............J@J............##
...............J............###
..##..........................##
#####...####............(......#
.# ##### ##............#.....#
## ###..........##...## #
#........<...#####
##.#........## ####.....(......#


You could see a very large slime creature and 5 slime creatures.

Vanquished Creatures
  Rupert (D:12)
  11 acid blobs
  Kirke (D:12)
  5 thorn hunters
  2 greater nagas (Snake:2)
  The ghost of smazza the Warrior, a journeyman MiGl of Okawaru (D:13)
  7 azure jellies
  An orc warlord (Orc:2)
  A fire giant (D:15)
  Maud (Lair:6)
  3 very ugly things (Swamp:4)
  A war gargoyle (D:13)
  Nessos (D:13)
  Snorg (D:11)
  2 green deaths (Swamp:4)
  2 death oozes (Swamp:4)
  4 vault guards (D:14)
  4 great orbs of eyes
  22 hydras
  A hell beast (Swamp:4)
  6 naga warriors
  Erolcha (D:10)
  2 ghost crabs
  6 anacondas
  A death knight (D:14)
  2 centaur warriors
  7 alligators
  2 tengu warriors (D:14)
  2 death yaks (Lair:8)
  Urug (D:10)
  2 naga sharpshooters (Snake:2)
  Nergalle (D:10)
  7 shock serpents
  A fire crab (Lair:6)
  2 unseen horrors
  13 swamp dragons
  5 hill giants
  2 spriggan druids
  A lindwurm (Lair:7)
  A wizard (D:14)
  5 shambling mangroves
  A lindwurm (shapeshifter) (D:14)
  3 orc knights
  7 shining eyes
  18 ugly things
  2 manticores
  2 griffons (Lair:8)
  2 deep elf magi
  2 wolf spiders (Lair:8)
  8 hornets
  2 mana vipers (Snake:2)
  2 oklob plants
  3 cyclopes
  2 salamanders (Snake:2)
  5 orc sorcerers
  Maurice (D:13)
  A guardian serpent (Lair:8)
  4 naga magi (Snake:1)
  14 black mambas
  3 ice statues (IceCv)
  4 elephants (Lair:3)
  2 orange demons (Swamp:4)
  A torpor snail (Lair:8)
  17 spiny frogs
  9 gargoyles
  A rime drake (Lair:4)
  7 komodo dragons
  A yaktaur (D:14)
  2 kobold demonologists (D:13)
  7 trolls
  A two-headed ogre (Orc:1)
  A polar bear (Lair:4)
  A large abomination (Swamp:4)
  7 giant leeches
  97 slime creatures
  Grinder (D:6)
  Prince Ribbit (D:5)
  22 blink frogs
  13 bog bodies
  A centaur simulacrum (D:14)
  A redback (Lair:8)
  6 spriggans
  A wraith (D:13)
  5 shadows
  4 hogs
  43 yaks
  8 wyverns
  2 basilisks
  Eustachio (D:4)
  A human (D:12)
  Grum (D:10)
  26 vampire mosquitoes
  A steam dragon (D:12)
  2 hungry ghosts
  Menkaure (D:6)
  15 hippogriffs
  A mottled dragon (D:14)
  16 insubstantial wisps
  27 swamp worms
  A giant eyeball (Slime:4)
  13 nagas
  23 water moccasins
  14 porcupines
  The ghost of Stolas the Skirmisher, an amateur OgCK of Xom (D:4)
  10 swamp drakes
  2 black bears
  41 orc warriors
  3 eyes of draining
  3 sky beasts
  10 ice beasts
  5 ogres
  3 necrophages
  2 phantoms
  21 wasps
  7 wolves
  36 centaurs
  15 crocodiles
  3 big kobolds
  21 giant frogs
  8 gnoll sergeants (Bailey)
  Blork the orc (D:4)
  8 scorpions
  An oklob sapling (Swamp:3)
  7 killer bees
  3 wights (D:6)
  34 jellies
  An electric eel (Lair:3)
  5 crimson imps
  2 centaur zombies
  2 giant frog zombies
  8 hounds
  Crazy Yiuf (D:4)
  3 giant frog skeletons
  23 orc priests
  3 centaur skeletons
  6 gnoll shamans (Bailey)
  Ijyb (D:2)
  11 iguanas
  35 orc wizards
  2 hell rats (Lair:6)
  11 worker ants
  17 sheep
  The ghost of Sonder the Ducker, a weakling TrFi of Dithmenos (D:3)
  2 hound skeletons
  2 worker ant zombies
  19 adders
  18 gnolls
  62 river rats
  5 shadow imps
  12 white imps (Lair:8)
  7 oozes
  8 worms
  2 dart slugs
  5 giant geckos
  106 orcs
  6 giant cockroaches
  8 goblins
  7 hobgoblins
  10 jackals
  9 kobolds
  8 quokkas
  A ball python (D:5)
  A ball python zombie (D:5)
  14 bats
  3 giant gecko zombies
  3 giant newts
  A jackal zombie (D:8)
  13 rats
  5 fungi
  2 plants
1349 creatures vanquished.

Vanquished Creatures (others)
  A shock serpent (Snake:2)
  2 briar patches (Swamp:1)
  26 fungi
  10 plants
  4 toadstools (D:1)
43 creatures vanquished.

Grand Total: 1392 creatures vanquished

Notes
Turn   | Place    | Note
--------------------------------------------------------------
     0 | D:1      | EveningNews the Gargoyle Berserker began the quest for the Orb.
     0 | D:1      | Reached XP level 1. HP: 14/14 MP: 1/1
    92 | D:1      | Reached XP level 2. HP: 18/19 MP: 2/2
   360 | D:1      | Reached skill level 4 in Maces & Flails
   626 | D:2      | Reached XP level 3. HP: 23/23 MP: 3/3
   664 | D:2      | Reached ** piety under Trog
   850 | D:2      | Noticed Ijyb
   866 | D:2      | Killed Ijyb
   866 | D:2      | Reached XP level 4. HP: 24/28 MP: 4/4
   959 | D:2      | Reached skill level 5 in Maces & Flails
  1475 | D:3      | Reached XP level 5. HP: 32/32 MP: 5/5
  1510 | D:3      | Noticed Sonder's ghost (weakling TrFi)
  1525 | D:3      | Killed Sonder's ghost
  1579 | D:3      | Noticed a centaur
  1593 | D:3      | Killed a centaur
  1593 | D:3      | Reached skill level 6 in Maces & Flails
  1593 | D:3      | Reached XP level 6. HP: 8/37 MP: 6/6
  1903 | D:3      | Reached *** piety under Trog
  1908 | D:3      | Reached skill level 7 in Maces & Flails
  1978 | D:3      | Found a bloodstained altar of Trog.
  1978 | D:3      | Found a white marble altar of Elyvilon.
  2016 | D:3      | Found a sacrificial altar of Ru.
  2016 | D:3      | Found a burning altar of Makhleb.
  2017 | D:3      | Found a snail-covered altar of Cheibriados.
  2626 | D:4      | Found Leiskixt's General Store.
  2702 | D:4      | Noticed Eustachio
  2714 | D:4      | Killed Eustachio
  2714 | D:4      | Reached skill level 8 in Maces & Flails
  2714 | D:4      | Reached XP level 7. HP: 41/41 MP: 7/7
  2752 | D:4      | Noticed Stolas's ghost (amateur OgCK)
  2762 | D:4      | Killed Stolas's ghost
  2922 | D:4      | Found a staircase to the Ecumenical Temple.
  2958 | D:4      | HP: 1/61 [ogre/giant spiked club (3)]
  2962 | D:4      | Reached skill level 9 in Maces & Flails
  3287 | D:4      | Found a blossoming altar of Fedhas.
  3437 | D:4      | Noticed Blork the orc
  3442 | D:4      | Killed Blork the orc
  3442 | D:4      | Reached XP level 8. HP: 39/46 MP: 8/8
  3531 | D:4      | Noticed Crazy Yiuf
  3540 | D:4      | Killed Crazy Yiuf
  3540 | D:4      | Reached **** piety under Trog
  3606 | D:5      | Entered Level 5 of the Dungeon
  3732 | D:5      | Found a glowing silver altar of Zin.
  3733 | D:5      | Noticed an angel
  3738 | D:5      | Found a shimmering altar of Xom.
  3772 | D:5      | Found Nuar's Gadget Shoppe.
  3922 | D:5      | Noticed Prince Ribbit
  3941 | D:5      | Killed Prince Ribbit
  3941 | D:5      | Reached skill level 10 in Maces & Flails
  4091 | D:5      | Found an oddly glowing altar of Pakellas.
  4166 | D:5      | Found a radiant altar of Vehumet.
  4644 | D:6      | Found Fibyamot's Fabulous Fripperies.
  4647 | D:6      | Noticed Menkaure
  4654 | D:6      | Killed Menkaure
  4654 | D:6      | Reached skill level 11 in Maces & Flails
  4697 | D:6      | Noticed Grinder
  4719 | D:6      | Killed Grinder
  4719 | D:6      | Reached XP level 9. HP: 41/51 MP: 9/9
  4723 | D:6      | Got a faintly glowing war axe
  4724 | D:6      | Identified the cursed +1 war axe "Jeacw" {flame, rC+ MP+9 Int+4} (You found it on level 6 of the Dungeon)
  5343 | D:7      | Reached ***** piety under Trog
  5525 | D:7      | Found a glowing golden altar of the Shining One.
  5541 | D:7      | Found a sparkling altar of Nemelex Xobeh.
  6303 | D:8      | Reached skill level 5 in Armour
  6343 | D:8      | Found a glowing golden altar of the Shining One.
  6362 | D:8      | Reached skill level 5 in Dodging
  6463 | D:8      | Reached XP level 10. HP: 56/56 MP: 10/10
  6914 | D:9      | Found a flagged portal.
  7037 | Bailey   | Entered a bailey
  7057 | Bailey   | Reached skill level 1 in Bows
  7664 | Bailey   | Received a gift from Trog
  8272 | D:9      | Got an encrusted scale mail
  8283 | D:9      | Identified the +8 scale mail of Bohotiry {rPois} (You found it on level 9 of the Dungeon)
  8386 | D:9      | Found a shadowy altar of Dithmenos.
  8387 | D:9      | Found an oddly glowing altar of Pakellas.
  8679 | D:10     | Entered Level 10 of the Dungeon
  8736 | D:10     | Noticed Erolcha
  8747 | D:10     | Killed Erolcha
  8747 | D:10     | Received a gift from Trog
  8747 | D:10     | Reached XP level 11. HP: 60/60 MP: 11/11
  8817 | D:10     | Noticed Urug
  8842 | D:10     | Killed Urug
  8944 | D:10     | Found a staircase to the Lair.
  9122 | D:10     | Noticed Grum
  9145 | D:10     | Noticed a hill giant
  9149 | D:10     | Killed Grum
  9160 | D:10     | Killed a hill giant
  9223 | D:10     | HP: 3/90 [komodo dragon (12)]
  9635 | D:10     | Received a gift from Trog
  9760 | D:10     | Noticed Nergalle
  9786 | D:10     | Killed Nergalle
 10560 | Lair:1   | Entered Level 1 of the Lair of Beasts
 11044 | Lair:1   | Reached skill level 10 in Armour
 11667 | Lair:2   | Reached XP level 12. HP: 45/64 MP: 12/12
 11743 | Lair:2   | Reached skill level 12 in Maces & Flails
 11904 | Lair:2   | Noticed a four-headed hydra
 11917 | Lair:2   | Killed a four-headed hydra
 12115 | Lair:3   | Received a gift from Trog
 12191 | Lair:3   | Reached skill level 13 in Maces & Flails
 12312 | Lair:3   | Reached ****** piety under Trog
 12432 | Lair:3   | Noticed a seven-headed hydra
 12444 | Lair:3   | Killed a seven-headed hydra
 12446 | Lair:3   | Noticed a six-headed hydra
 12890 | Lair:3   | Found a staircase to the Swamp.
 12977 | Lair:3   | Killed a six-headed hydra
 12989 | Lair:3   | Reached skill level 14 in Maces & Flails
 13435 | Lair:4   | Noticed a five-headed hydra
 13446 | Lair:4   | Killed a five-headed hydra
 14042 | Lair:4   | Reached XP level 13. HP: 49/68 MP: 13/13
 14457 | Lair:5   | Reached skill level 15 in Maces & Flails
 14579 | Lair:5   | Found a staircase to the Snake Pit.
 15303 | Lair:6   | Noticed Maud
 15319 | Lair:6   | Killed Maud
 15710 | Lair:6   | Received a gift from Trog
 15722 | Lair:6   | Got a warped shortbow {god gift}
 15751 | Lair:6   | Identified the +7 shortbow "Utsour" {venom, rC+ Int+2} (Trog gifted it to you on level 6 of the Lair of Beasts)
 15891 | Lair:6   | Found a staircase to the Slime Pits.
 15891 | Lair:6   | Found a viscous altar of Jiyva.
 15922 | Lair:6   | Reached skill level 16 in Maces & Flails
 16850 | Lair:7   | Reached skill level 5 in Fighting
 17023 | Lair:7   | Received a gift from Trog
 17439 | Lair:8   | Entered Level 8 of the Lair of Beasts
 17439 | Lair:8   | Found a frozen archway.
 17536 | IceCv    | Entered an ice cave
 18177 | Lair:8   | Received a gift from Trog
 18188 | Lair:8   | Reached skill level 5 in Bows
 18213 | Lair:8   | Gained mutation: Your large and strong wings let you fly indefinitely. [Gargoyle growth]
 18213 | Lair:8   | Reached XP level 14. HP: 73/84 MP: 14/14
 18285 | Lair:8   | Received a gift from Trog
 18688 | Lair:8   | Reached skill level 10 in Fighting
 19435 | Lair:8   | Received a gift from Trog
 19953 | Swamp:1  | Entered Level 1 of the Swamp
 20523 | Swamp:1  | Noticed a thorn hunter
 20554 | Swamp:2  | Received a gift from Trog
 21238 | Swamp:2  | Noticed a thorn hunter
 21250 | Swamp:2  | Killed a thorn hunter
 21250 | Swamp:2  | Reached XP level 15. HP: 74/96 MP: 15/15
 22430 | Swamp:3  | Noticed a thorn hunter
 22440 | Swamp:3  | Reached skill level 10 in Dodging
 22446 | Swamp:3  | Killed a thorn hunter
 22602 | Swamp:3  | Noticed a thorn hunter
 22609 | Swamp:3  | Killed a thorn hunter
 22653 | Swamp:3  | Received a gift from Trog
 22706 | Swamp:3  | Noticed a thorn hunter
 22722 | Swamp:3  | Killed a thorn hunter
 23666 | Swamp:4  | Entered Level 4 of the Swamp
 24295 | Swamp:4  | Reached XP level 16. HP: 103/103 MP: 16/16
 24482 | Swamp:4  | Reached skill level 1 in Evocations
 24485 | Swamp:4  | Received a gift from Trog
 24988 | Swamp:4  | Reached skill level 10 in Bows
 25231 | Swamp:4  | Got a decaying rune of Zot
 25433 | Swamp:2  | Killed a thorn hunter
 25800 | Snake:1  | Entered Level 1 of the Snake Pit
 26726 | Snake:1  | Received a gift from Trog
 27070 | Snake:2  | Reached XP level 17. HP: 108/108 MP: 18/18
 27122 | Snake:2  | Received a gift from Trog
 28386 | Snake:3  | Noticed Mara
 28399 | Snake:3  | Noticed EveningNews's illusion
 28496 | Snake:3  | Noticed EveningNews's illusion
 29548 | D:11     | Received a gift from Trog
 29893 | D:12     | Noticed Snorg
 29896 | D:12     | Noticed Rupert
 29962 | D:11     | Killed Snorg
 30516 | D:12     | Noticed Kirke
 30873 | D:12     | Found a staircase to the Orcish Mines.
 31057 | D:12     | Killed Kirke
 31065 | D:12     | Killed Rupert
 31238 | Orc:1    | Entered Level 1 of the Orcish Mines
 31337 | Orc:1    | Received a gift from Trog
 31854 | Orc:2    | Entered Level 2 of the Orcish Mines
 32004 | Orc:2    | Found a staircase to the Elven Halls.
 32018 | Orc:2    | Found a roughly hewn altar of Beogh.
 32067 | Orc:2    | Found an iron altar of Okawaru.
 32166 | Orc:2    | Found Niothraso's Armour Boutique.
 32429 | Orc:2    | Received a gift from Trog
 32851 | Orc:2    | Found Teuwus's Antique Armour Boutique.
 32852 | Orc:2    | Found Tuze's Antique Armour Shoppe.
 32852 | Orc:2    | Found Quireakh's Distillery.
 32867 | Orc:2    | Found Xexkev's Magic Scroll Emporium.
 32879 | Orc:2    | Bought a scorched scale mail for 261 gold pieces
 32890 | Orc:2    | Identified the +1 scale mail of Agoraphobia {Dex+3} (You bought it in a shop on level 2 of the Orcish Mines)
 32924 | Orc:2    | Found a roughly hewn altar of Beogh.
 33413 | Slime:1  | Entered Level 1 of the Pits of Slime
 33413 | Slime:1  | Noticed an acid blob
 33421 | Slime:1  | Killed an acid blob
 33874 | Slime:2  | Received a gift from Trog
 33889 | Slime:2  | Gained mutation: You occasionally shout uncontrollably at your foes. [a shining eye]
 33895 | Slime:2  | Gained mutation: Potions and wands are less effective at restoring your health. [a shining eye]
 33919 | Slime:2  | Gained mutation: You tend to lose your temper in combat. [a shining eye]
 34021 | Slime:2  | Reached skill level 15 in Fighting
 34045 | Slime:2  | Noticed an acid blob
 34623 | D:12     | Received a gift from Trog
 34684 | D:13     | Noticed Nessos
 34700 | D:13     | Killed Nessos
 34718 | D:13     | Lost mutation: You occasionally shout uncontrollably at your foes. [potion of cure mutation]
 34718 | D:13     | Lost mutation: You tend to lose your temper in combat. [potion of cure mutation]
 34718 | D:13     | Lost mutation: Potions and wands are less effective at restoring your health. [potion of cure mutation]
 35156 | D:13     | Noticed smazza's ghost (journeyman MiGl)
 35191 | D:13     | Killed smazza's ghost
 35434 | D:13     | Reached XP level 18. HP: 111/120 MP: 19/19
 35600 | D:13     | Found Foebuer's Antique Armour Emporium.
 35608 | D:13     | Bought an ancient plate armour for 728 gold pieces
 35608 | D:13     | Bought a pitted chain mail for 247 gold pieces
 35621 | D:13     | Identified the +7 plate armour "Korozxoa" {rCorr Int+4} (You bought it in a shop on level 13 of the Dungeon)
 35631 | D:13     | Identified the +8 chain mail of the Eternal Fruit {rC+} (You bought it in a shop on level 13 of the Dungeon)
 35780 | D:13     | Noticed Maurice
 35812 | D:13     | Killed Maurice
 36327 | D:14     | Received a gift from Trog
 36489 | D:14     | Found a gate to the Vaults.
 37184 | D:15     | Entered Level 15 of the Dungeon
 37185 | D:15     | Found a staircase to the Depths.
 37194 | D:15     | Reached skill level 17 in Maces & Flails
 37506 | D:15     | Received a gift from Trog
 37900 | D:15     | Found a burning altar of Makhleb.
 38323 | D:15     | Gained mutation: Your muscles are strong. (Str +2) [potion of mutation]
 38323 | D:15     | Gained mutation: You can translocate small distances at will. [potion of mutation]
 38323 | D:15     | Lost mutation: Your muscles are strong. (Str +2) [potion of mutation]
 38325 | D:15     | Lost mutation: You can translocate small distances at will. [potion of cure mutation]
 39098 | Slime:3  | Gained mutation: Your mind is acute. (Int +2) [a shining eye]
 39100 | Slime:3  | Gained mutation: You are partially covered in thin metallic scales (AC +2). [a shining eye]
 39519 | Slime:3  | Reached skill level 18 in Maces & Flails
 39643 | Slime:1  | Received a gift from Trog
 40259 | Slime:1  | Gained mutation: You are weak. (Str -2) [a shining eye]
 40936 | Slime:2  | Received a gift from Trog
 41058 | Slime:3  | Gained mutation: Armour fits poorly on your strangely shaped body. [a shining eye]
 41063 | Slime:3  | Reached XP level 19. HP: 124/128 MP: 20/20
 41063 | Slime:3  | Gained mutation: You are very weak. (Str -4) [a shining eye]
 41082 | Slime:3  | Gained mutation: You occasionally shout uncontrollably at your foes. [a shining eye]
 41089 | Slime:3  | Gained mutation: You are partially covered in rough black scales (AC +4, Dex -1). [a shining eye]
 41298 | Slime:3  | Lost mutation: Your mind is acute. (Int +2) [potion of cure mutation]
 41298 | Slime:3  | Lost mutation: You occasionally shout uncontrollably at your foes. [potion of cure mutation]
 41298 | Slime:3  | Lost mutation: You are very weak. (Str -4) [potion of cure mutation]
 41902 | Slime:4  | Gained mutation: Your magical capacity is low (-10% MP). [a shining eye]
 42545 | Slime:4  | HP: 4/128 [slime creature (3)]
 42545 | Slime:4  | Slain by a slime creature

Skill      XL: |  1  2  3  4  5  6  7  8  9 10 11 12 13 14 15 16 17 18 19 |
---------------+----------------------------------------------------------+-----
Maces & Flails | 4 5 6 8 9 11 14 16 18 | 18.9
Dodging        | 5 7 9 11 12 | 12.9
Armour         | 5 7 10 11 12 14 | 14.0
Bows           | 3 5 8 11 12 | 12.4
Fighting       | 8 12 15 17 | 17.0
Evocations     | 2 |  2.1

Action                   |  1- 3 |  4- 6 |  7- 9 | 10-12 | 13-15 | 16-18 | 19-21 || total
-------------------------+-------+-------+-------+-------+-------+-------+-------++-------
Melee: Mace              |    95 |   226 |   386 |   540 |       |       |       ||  1247
       War axe           |       |       |     3 |       |       |       |       ||     3
       Dire flail        |       |       |       |   447 |  1281 |  1405 |    78 ||  3211
       Great mace        |       |       |       |       |       |    56 |       ||    56
       Shortbow          |       |       |       |       |       |     1 |       ||     1
 Fire: Shortbow          |       |       |       |     6 |   220 |   938 |    96 ||  1260
Invok: Berserk           |     1 |     7 |     7 |    15 |    19 |    13 |     2 ||    64
       Burn Spellbooks   |       |       |       |     1 |     3 |     3 |       ||     7
 Abil: Evoke Flight      |       |       |       |       |     2 |       |       ||     2
Evoke: Sack of spiders   |       |       |       |       |       |     1 |       ||     1
  Use: Scroll            |       |       |    12 |     7 |    18 |     7 |       ||    44
       Potion            |       |       |     9 |     5 |    12 |    11 |     1 ||    38
 Stab: Sleeping          |       |       |     2 |       |       |       |       ||     2
  Eat: Chunk             |       |    11 |     6 |    47 |    37 |    56 |       ||   157
       Bread ration      |       |     1 |     3 |       |       |     2 |     1 ||     7
       Pizza             |       |       |       |     1 |     4 |       |       ||     5
       Fruit             |       |       |       |     1 |       |       |       ||     1
       Beef jerky        |       |       |       |       |     3 |     1 |       ||     4
Armor: Animal skin       |    38 |   134 |       |       |       |       |       ||   172
       Chain mail        |       |    12 |       |       |       |   185 |       ||   197
       Leather armour    |       |       |   184 |   121 |       |     7 |       ||   312
       Scale mail        |       |       |       |   398 |   676 |   493 |       ||  1567
       Ring mail         |       |       |       |     2 |     2 |       |       ||     4
       Plate armour      |       |       |       |       |       |   173 |    61 ||   234
Dodge: Dodged            |    62 |   173 |   170 |   739 |   870 |  1046 |    42 ||  3102
